[Event "77th Tata Steel Chess Masters"]
[Site "Wijk aan Zee"]
[Date "2015.01.18"]
[Round "8"]
[White "Jobava, Baadur"]
[Black "Carlsen, Magnus"]
[Result "0-1"]
[ECO "A01"]
[WhiteElo "2727"]
[BlackElo "2862"]
[PlyCount "99"]
[EventDate "2015.??.??"]
[EventCountry "NED"]
[TimeControl "40/6000+30:20/3000+30:900+30"]

1. b3 g6 2. Bb2 Nf6 3. Nc3 Bg7 {237} 4. d4 c5 {116} 5.
e3 cxd4 {112} 6. exd4 d5 7.
Qd2 Nc6 8. f3 h5 9. Bb5 {501} Qd6 {271} 10. Nge2 {860} Bh6 {197} 11. Qd1 Bf5 {386} 12. Bc1 Bxc1 13. Rxc1 Rc8 {73} 14. Qd2 O-O {672} 15. Bxc6 {103} bxc6 {935}
16. Na4 Rfe8 17. O-O {77} e5 18. c3 h4 {153} 19. dxe5 {258} Rxe5 {271} 20. b4 Rce8 {348} 21. Nd4 h3 {372} 22. g3 {580} Bc8 {97} 23. Nc5
{71} Nd7 {69} 24. Nd3 {83} R5e7 25. Rfe1 {109} c5 {412} 26.
bxc5 Nxc5 27. Nf4 {460} Rxe1+ {134} 28. Rxe1 Rxe1+ 29. Qxe1 Ne6 30. Nfxe6 {525} Bxe6 31. Kf2 Bd7 32. Qb1 {131} Qc7 {289} 33. Qb3 {71} Bc8 {84} 34. a3 {335} a5 {
70} 35. Qb2 {75} Ba6 36. Nc2 {328} Qa7+ {644} 37. Ne3 Bc4 38. f4 {78} Kh7 {209} 39. g4 {303} Qe7 {113} 40.
Qc1 Qe4 41. f5 {562} Qf4+ {353} 42. Kg1 gxf5 {376} 43. gxf5 Bd3 {200} 44. Qe1 {490}
Bxf5 45. Nxf5 {771} Qxf5 46. Qg3 Kh6 47. Qb8 Qf3 {213} 48. Qh8+ Kg6 49. Qg8+ Kf6 {60} 50. Qd8+ 0-1

[Event "77th Tata Steel Chess Masters"]
[Site "Wijk aan Zee"]
[Date "2015.01.18"]
[Round "8"]
[White "Ding, Liren"]
[Black "Saric, Ivan"]
[Result "1-0"]
[ECO "D11"]
[WhiteElo "2732"]
[BlackElo "2666"]
[PlyCount "67"]
[EventDate "2015.??.??"]
[EventCountry "NED"]
[TimeControl "40/6000+30:20/3000+30:900+30"]

1. d4 d5 2. c4 c6 3. Nf3 Nf6 4. e3 Bg4 5. Qb3 Qb6 6. Nc3 e6 7. Nh4 Bh5 8. h3 Be7 {172} 9. g4 {94} Bg6 10. Nxg6 {70} hxg6 11. Bg2 g5 {249} 12. O-O {488} Nbd7 {172} 13.
Rd1 Rd8 {962} 14. cxd5 {667} exd5 {191} 15. Qc2 Nf8 {80} 16. e4 {85} Ne6 {121} 17. Be3 {832} Kf8 {514} 18. e5 {737} Nh7 19. b4 {403} Kg8 {193} 20. b5 Nf4 {570} 21.
Bxf4 {137} gxf4 22. bxc6 Qxc6 {540} 23. Qb3 {
196} f3 24. Bxf3 Ng5 25. Bg2
{68} Nxh3+ {1692} 26. Bxh3 Rxh3 27. Nxd5 Qxd5 28. Qxh3 Qe4 29. Rac1 {301} Bg5 30. Rc3 {286} Bf4 {156} 31. Qd3 {
108} Qd5 32. Qf5 {151} Bxe5 {75} 33. Rc8 f6 {
104} 34. Rdc1 1-0

[Event "77th Tata Steel Chess Masters"]
[Site "Wijk aan Zee"]
[Date "2015.01.18"]
[Round "8"]
[White "Hou, Yifan"]
[Black "Aronian, Levon"]
[Result "1/2-1/2"]
[ECO "C54"]
[WhiteElo "2673"]
[BlackElo "2797"]
[PlyCount "109"]
[EventDate "2015.??.??"]
[EventCountry "NED"]
[TimeControl "40/6000+30:20/3000+30:900+30"]

1. e4 e5 2. Nf3 Nc6 3. Bc4 Bc5 4. c3 Nf6 5. d4 exd4 6. cxd4 Bb4+ 7. Bd2 Nxe4 8. Bxb4 Nxb4 9. Bxf7+ Kxf7 10. Qb3+ d5 11. Ne5+ Ke6 12. Qxb4 Qf8 13. Qxf8 Rxf8 14. f3 {623} Ng5 {224} 15. Nc3 c6 16. h4 {595} Nf7 17.
Nd3 Kd6 {102} 18. Kf2 {118} Nd8 19. g3 {717}
Ne6 {408} 20. Ne2 {224} a5 21. Ndf4 {205} Ra6 22. Rad1 Rb6 23. Rd2 Rb4 24. Re1 {350} Nxf4 {862} 25. Nxf4 Rc4 26. a3 {492} Bf5 27. Re3 {573} b6 {331} 28. Rb3 {661
} b5 {479} 29. Re3 b4 30. Ne2 {123} h5 {242}
31. Ke1 {535} g6 {319} 32. b3 {576} Rc2 33. Rxc2 Bxc2 34. a4 Bf5 {1009} 35. Nf4 {92} Rc8
{121} 36. Kd2 {279} c5 {302} 37. Re5 cxd4 38.
Rxd5+ Ke7 39. g4 hxg4 {111} 40. fxg4 Bxg4 41. Nxg6+ {771} Kf6 {336} 42. Rxd4 {474} Be6 {
394} 43. Rd6 {158} Kf7 44. Ne5+ Ke7 45. Rd3 {289} Kf6 {60} 46. Nf3 {278} Bg8 47. Ng5 {237}
Kf5 48. Nf3 {120} Kf6 49. h5 {284} Rc5 {117}
50. h6 Rh5 {95} 51. Rd6+ {124} Ke7 52. Ra6 Bxb3 {172} 53. h7 Bxa4 54.
Rxa5 {336} Rxh7 55. Rxa4 1/2-1/2

[Event "77th Tata Steel Chess Masters"]
[Site "Wijk aan Zee"]
[Date "2015.01.18"]
[Round "8"]
[White "Ivanchuk, Vasil"]
[Black "So, Wesley"]
[Result "0-1"]
[ECO "C88"]
[WhiteElo "2715"]
[BlackElo "2762"]
[PlyCount "52"]
[EventDate "2015.??.??"]
[EventCountry "NED"]
[TimeControl "40/6000+30:20/3000+30:900+30"]

1. e4 e5 2. Nf3 Nc6 3. Bb5 a6 4. Ba4 Nf6 5. O-O Be7 6. Re1 b5 7. Bb3 O-O 8. h3 Bb7 9. d3 d5 10. exd5 Nxd5 11. Nbd2 Qd7 12. Nxe5 Nxe5 13.
Rxe5 Nf4 14. Nf3 {541} Nxg2 15. Kxg2 {251} a5 16. Rxe7 {1438} Qxe7 17. c3 Ra6 {127} 18. d4 Rf6 {1160} 19. d5 {1165} a4 20. Bc2 Rd8 21. Qe1 Qd7 22. Ng5 {328} h6 {1280} 23. Ne4 Rg6+ 24. Kh2 f5 25. Ng3 Qxd5 {74} 26. Qg1 Qf3 {927} 0-1

[Event "77th Tata Steel Chess Masters"]
[Site "Wijk aan Zee"]
[Date "2015.01.18"]
[Round "8"]
[White "Radjabov, Teimour"]
[Black "Wojtaszek, Radoslaw"]
[Result "1-0"]
[ECO "B90"]
[WhiteElo "2734"]
[BlackElo "2744"]
[PlyCount "117"]
[EventDate "2015.??.??"]
[EventCountry "NED"]
[TimeControl "40/6000+30:20/3000+30:900+30"]

1. e4 c5 2. Nf3 d6 3. d4 cxd4 4. Nxd4 Nf6 5. Nc3 a6 6. h3 e5 7. Nde2 b5 8.
Bg5 {833} Nbd7 9. Nd5 {125} Bb7 10. Nec3 {564
} Rc8 11. Nxf6+ {1519} Nxf6 {357} 12. a4 {96} b4 {301} 13. Nd5
{178} Be7 {2020} 14. Bxf6 {101} Bxf6 {64} 15. Nxb4 {151} O-O {915} 16. c3 {239}
Bxe4 {344} 17. Bxa6 {88} Rc5 {109} 18. O-O {137} Ba8 19. Re1 {
442} d5 {191} 20. Bf1 {576} e4 {129} 21. Nc2 {115} Be5 22. Nd4
{76} Bb8 {96} 23. g3 {110} Qb6 {610} 24. Qe2 {442} Rcc8 {492} 25. a5 Qg6 26. Qg4 {163} Qh6 {99} 27. h4 {243} Kh8 {322} 28.
Qg5 Qd6 {68} 29. Nf5 {232} Qe5 30. f4 {250}
h6 31. Qxh6+ gxh6 32. fxe5 Bxe5 33. Be2 {75} Rb8 {75} 34. Ra2 Kh7 {254} 35. Rd1 Rb3 {325} 36. Kf2 Rfb8 37. Rd2 Kg6 {64} 38. Ne7+ {82} Kf6 39. Nxd5+ Bxd5 40. Rxd5 Rxb2 41. Rxb2 {760} Rxb2 42.
Ke3 {184} Bxg3 {1277} 43. a6 {994} Bh2 {200} 44. Bc4 {90} Rc2 {388} 45. Kxe4 {
144} Rxc3 46. Rf5+ Kg7 {231} 47. Rxf7+ {228}
Kg6 48. Bd5 {305} Bg1 49. Rf1 {558} Bc5 {160}
50. Ke5 Ra3 {87} 51. Rf6+ Kh5 {376} 52. Rf4 Kg6 53. Rg4+ Kh7 54. Be4+ {62} Kh8 55. Rg6 h5 {103} 56.
Rc6 Bf8 {548} 57. Kf6 Kg8 58. Bd5+ Kh7 59. Kf7 1-0

[Event "77th Tata Steel Chess Masters"]
[Site "Wijk aan Zee"]
[Date "2015.01.18"]
[Round "8"]
[White "Van Wely, Loek"]
[Black "Caruana, Fabiano"]
[Result "0-1"]
[ECO "A48"]
[WhiteElo "2667"]
[BlackElo "2820"]
[PlyCount "162"]
[EventDate "2015.??.??"]
[EventCountry "NED"]
[TimeControl "40/6000+30:20/3000+30:900+30"]

1. d4 Nf6 2. Nf3 g6 3. Nbd2 c5 {78} 4. dxc5 Qa5 {170}
5. a3 Qxc5 6. b4 Qc7 {243}
7. Bb2 {108} Bg7 {138} 8. c4 {825} d6 {132} 9. g3 {131} b6 {515} 10. Bg2 {290}
Bb7 11. O-O {104} O-O 12. e4 {1427} Nbd7 {
1087} 13. Qe2 {624} Rac8 {87} 14. Rac1 {246} Qb8 {163} 15. Ne1 {77} e6 {911}
16. Nd3 {79} Rfd8 {278} 17. Rfd1 {204} Qa8 {286} 18. f3 {112} Bc6 {118} 19. Nf1
{396} Qb8 {148} 20. Ne3 {124} Bb7 21. Rc2 {303} Ba6 {242} 22.
Qe1 {865} Bh6 {436} 23. Nf2 {179} Bg7 {229} 24. Nd3 {64} Re8 {124} 25. Qd2 {205
} Bh6 {460} 26. Nf2 {65} Bxc4 {184} 27. f4 {125} Bb3 {93} 28. Rxc8 Rxc8 29. Rb1 e5 {270} 30. Nfg4 Bg7 {86} 31. fxe5 {123} dxe5 32. Bh3 Rd8 {113} 33. Qc3 Ba2 {119} 34. Rd1 {64} Nxe4 {110} 35. Qc6 Ng5 36. Bg2 Be6 {65} 37. h4 h5 38. hxg5 hxg4 39. Nd5 Nf8 {75} 40. Rd2 Rd7 41. Nf6+ {760} Bxf6 {67} 42. Rxd7 Nxd7 {134} 43. gxf6 Nxf6 {201} 44. Qb5 {165} Nd7 45. Bc6 e4 {78} 46. Kg2 {468} Qd6 {77} 47. Bxd7 Qd2+ {169}
48. Kh1 {343} Qd1+ {322} 49. Kh2 Qc2+ 50. Kg1 Qb1+ {86} 51. Qf1 Qxb2 {95} 52. Bxe6 Qd4+ {224} 53. Kh2 {173} fxe6 54. Qf4 Qb2+ 55. Kg1 {92} Qb1+ 56. Kh2 {162}
Qc2+ 57. Kg1 Qd1+ 58. Kh2 Qe2+ 59. Kg1 Qf3 60. Qb8+ Kf7 61. Qxa7+ {640} Kf6 62. Qxb6 {186} Qxg3+ 63. Kh1 {172} Qh3+ {70} 64. Kg1 g3 65. Qd4+ {233} Kf5 {543} 66. Qd2 {228} Qh8
{598} 67. a4 {217} Qa1+ {249} 68. Kg2 Qxa4 {161} 69. Kxg3 Qb3+ {96} 70. Kh4 e3 {118} 71. Qd4 Qc2 {60} 72. Qg4+ Ke5 {70} 73. Qg3+ {348} Kd4 74. Qd6+ Kc3 {102} 75. Qc5+ {437} Kd2 76. Qd4+ {79} Qd3 77. Qb2+ Ke1 78. b5 {74} e2 79. Qc1+ Kf2 80. Qf4+ Qf3 81. Qd4+ {107} Kg2 0-1